 Dungeon Crawl Stone Soup version 0.26-b1-32-g5d43845318 (webtiles) character file.

Game seed: 10657525365134599139

134961 wakim the Severer (level 16, -29/155 HPs)
             Began as a Minotaur Berserker on Jan 9, 2021.
             Was the Champion of Trog.
             Annihilated by a bunyip (34 damage)
             ... called by a spriggan druid
             ... on level 2 of the Swamp.
             The game lasted 02:06:00 (24540 turns).

wakim the Severer (Minotaur Berserker)             Turns: 24540, Time: 02:06:00

Health: -29/155    AC: 29    Str: 30    XL:     16   Next: 63%
Magic:  0/15       EV: 18    Int:  8    God:    Trog [******]
Gold:   943        SH: 16    Dex: 22    Spells: 15/15 levels left

rFire    + . .     SeeInvis +   a - +10 broad axe "Coelim" {flame, *Noise +Blink Dex+7}
rCold    + . .     Faith    .   D - +1 kite shield {rC+}
rNeg     . . .     Spirit   +   O - +3 chain mail {rF+}
rPois    +         Reflect  .   L - +2 hat
rElec    +         Harm     .   q - +1 cloak
rCorr    .         Rampage  .   S - +0 pair of gloves of the Alphagorgon {rElec rPois Will+}
Will     +++..                  t - +2 pair of boots {Stlth+}
Stlth    ..........             o - amulet of guardian spirit
HPRegen  1.35/turn              w - ring of Tulips {Will- Str+5 Dex+3 SInv}
MPRegen  0.14/turn              l - ring "Xiezec" {AC+4 Int+2}

@: regenerating
A: retaliatory headbutt, horns 2
a: Renounce Religion, Evoke Blink, Berserk, Trog's Hand, Brothers in Arms


You were on level 2 of the Swamp.
You worshipped Trog.
Trog was exalted by your worship.
You visited 6 branches of the dungeon, and saw 27 of its levels.
You also visited: Bailey, Gauntlet and Ice Cave.

You collected 2917 gold pieces.
You spent 1974 gold pieces at shops.

Inventory:

Hand Weapons
 a - the +10 broad axe "Coelim" (weapon) {flame, *Noise +Blink Dex+7}
   (You bought it in a shop on level 11 of the Dungeon)

   It has been specially enchanted to burn those struck by it, causing extra
   injury to most foes and up to half again as much damage against particularly
   susceptible opponents.
   Big, fiery blades are also staple armaments of hydra-hunters.
   It affects your dexterity (+7).
   It lets you blink.
   It may make noises in combat.
 b - the +7 broad axe of Thoughtfulness {vorpal, *Slow rC+ rN+ SInv}
   (Trog gifted it to you on level 2 of the Orcish Mines)

   It inflicts extra damage upon your enemies.
   It protects you from cold.
   It protects you from negative energy.
   It lets you see invisible.
   It may slow you when you take damage.
 G - the +8 frozen axe "Frostbite" {freezing cloud, *Noise +Fly rC+}
   (Trog gifted it to you on level 12 of the Dungeon)

   It has been specially enchanted to freeze those struck by it, causing extra
   injury to most foes and up to half again as much damage against particularly
   susceptible opponents.
   It can also slow down cold-blooded creatures.
   It protects you from cold.
   It lets you fly.
   It may make noises in combat.
 Q - a +4 antimagic broad axe
 R - the +9 battleaxe of Wyrd {venom, rC++ Str+2 Int+4}
   (You acquired it on level 2 of the Orcish Mines)

   It poisons the flesh of those it strikes.
   It affects your strength (+2).
   It affects your intelligence (+4).
   It greatly protects you from cold.
Missiles
 y - 86 boomerangs (quivered)
Armour
 p - a +0 plate armour
 q - a +1 cloak (worn)
 t - a +2 pair of boots of stealth (worn)
 x - a +2 buckler
 D - a +1 kite shield of cold resistance (worn)
 L - a +2 hat (worn)
 O - a +3 chain mail of fire resistance (worn)
 S - the +0 pair of gloves of the Alphagorgon (worn) {rElec rPois Will+}
   (You acquired it on level 2 of the Orcish Mines)

   It insulates you from electricity.
   It protects you from poison.
   It affects your willpower, your defense against some magical effects.
Jewellery
 l - the ring "Xiezec" (right hand) {AC+4 Int+2}
   (You found it on level 3 of the Lair of Beasts)

   [ring of protection]

   It affects your AC (+4).
   It affects your intelligence (+2).
 o - an amulet of guardian spirit (around neck)
 w - the ring of Tulips (left hand) {Will- Str+5 Dex+3 SInv}
   (You found it in a Gauntlet)

   [ring of see invisible]

   It affects your strength (+5).
   It affects your dexterity (+3).
   It affects your willpower, your defense against some magical effects.
   It lets you see invisible.
 A - the ring "Rigrio Qihuy" {Fire rElec Will+++ Str-5 Dex-5}
   (You acquired it on level 12 of the Dungeon)

   [ring of fire]

   It enhances your fire magic.
   It affects your strength (-5).
   It affects your dexterity (-5).
   It protects you from fire.
   It makes you vulnerable to cold.
   It insulates you from electricity.
   It affects your willpower, your defense against some magical effects.
 C - an uncursed amulet of reflection
 M - an uncursed ring of protection from cold
 N - an uncursed ring of protection from cold
Wands
 f - a wand of paralysis (37)
 j - a wand of iceblast (35)
 B - a wand of disintegration (24)
 J - a wand of acid (14)
 K - a wand of enslavement (3)
Scrolls
 c - 13 scrolls of identify
 g - a scroll of summoning
 h - 11 scrolls of teleportation
 k - 10 scrolls of remove curse
 n - 2 scrolls of enchant weapon
 v - 8 scrolls of enchant armour
 z - a scroll of fog
 H - 3 scrolls of blinking
 I - 2 scrolls of brand weapon
Potions
 d - 7 potions of magic
 i - 9 potions of heal wounds
 m - 11 potions of curing
 r - 7 potions of flight
 s - 10 potions of ambrosia
 E - 4 potions of might
 F - 4 potions of resistance


   Skills:
 - Level 17.1 Fighting
 - Level 20.0 Axes
 - Level 6.0 Throwing
 + Level 13.5 Armour
 + Level 11.9 Dodging
 * Level 12.9 Shields


You had 15 spell levels left.
You didn't know any spells.
Your spell library was empty.

Dungeon Overview and Level Annotations

Branches:
Dungeon (15/15)            Temple (1/1) D:7            Lair (6/6) D:10
  Swamp (1/4) Lair:3        Snake (0/4) Lair:4        Slime (0/5) Lair:5
    Orc (2/2) D:10            Elf (1/3) Orc:2        Vaults (0/5) D:13
 Depths (0/5) D:15         Bailey (visited)           IceCv (visited)
Gauntlet (visited)

Altars:
Ashenzari
Elyvilon
Fedhas
Gozag
Hepliaklqana
Makhleb
Qazlal
Sif Muna
Trog
Wu Jian
Yredelemnul
Zin
The Shining One
Beogh
Lugonu

Shops:
D:4 (   D:8 (   D:11 (   Orc:2 ([?(

Portals:
Abyss: D:3

Annotations:
Swamp:1 1 runed translucent door, Ykec Esm's ghost, journeyman DrWn


Innate Abilities, Weirdness & Mutations

You reflexively headbutt those who attack you in melee.
You have a pair of horns on your head.


Message History

The forest abruptly stops moving.
You barely miss the alligator. You slice the bunyip!! You burn the bunyip.
The alligator bites you!!
* * * LOW HITPOINT WARNING * * *
You block the alligator's attack.
A swamp worm comes into view.
Your skin crawls.
You feel strong-willed. The alligator misses you.
The alligator tail-slaps you but does no damage.
A tyrant leech comes into view.
You block the alligator's attack. x2
You slash the alligator! You burn the alligator.
The alligator is heavily wounded.
You hit the bunyip but do no damage.
The swamp worm fires a harpoon shot at you.
You block the harpoon shot. The bunyip barely misses you.
The bunyip claws you!!
* * * LOW HITPOINT WARNING * * *
The bunyip claws you!!!
You die...

♣♣≈≈♣....§.♣♣
♣♣≈≈w≈♣.≈.≈..
♣≈≈≈≈≈≈≈w.♣≈♣♣♣♣♣
♣≈≈≈≈≈≈...♣♣.♣.♣♣
♣≈≈≈≈≈♣...≈≈....♣♣
♣≈≈≈≈|..≈.......♣♣♣
♣≈≈≈..t.†.≈≈..≈≈≈.♣♣
♣♣...♣.@x.≈....≈....♣
♣....†.≈)†...≈.....≈♣
.w≈.≈..≈♣....≈.♣.≈...≈♣
....≈♣♣♣♣♣.≈≈≈≈§.≈..≈≈.♣
.≈≈/≈ ♣♣♣....≈..♣≈.♣♣
≈.≈≈ ♣......♣≈..♣ ≈.≈
♣.....♣♣♣.♣♣ .♣♣
♣....≈≈♣ ♣♣ ...≈..♣♣


You could see a bunyip (strong), an alligator (strong, swift), a tyrant leech
and 2 swamp worms.

Vanquished Creatures
  Frances (D:13)
  Gastronok (D:8)
  A frost giant (IceCv)
  An emperor scorpion (D:15)
  2 stone giants (Orc:2)
  Nessos (D:13)
  A bunyip (Swamp:1)
  A dire elephant (D:15)
  A minotaur (Gauntlet)
  Snorg (Lair:5)
  An eleionoma (Swamp:1)
  Josephine (D:11)
  A great orb of eyes (Gauntlet)
  3 ogre magi
  4 boulder beetles
  2 vault guards (D:13)
  5 hydras
  A catoblepas (Lair:6)
  2 ghost crabs (Swamp:1)
  5 centaur warriors
  A death knight (D:12)
  4 alligators
  4 tengu warriors
  10 two-headed ogres
  4 death yaks
  Sonja (D:13)
  A skeletal warrior (D:12)
  2 deep trolls (Orc:2)
  2 unseen horrors
  A goliath frog (Swamp:2)
  4 bog bodies
  3 spriggan druids
  2 phantasmal warriors
  An oklob plant (Lair:3)
  8 deep elf magi (Orc:1)
  4 cyclopes
  8 ugly things
  5 orc knights
  A wolf spider (D:14)
  2 manticores
  A salamander (D:15)
  2 orc sorcerers
  15 elephants
  3 ice statues (IceCv)
  6 black mambas
  4 centaur zombies
  Joseph (D:9)
  4 gargoyles
  8 cane toads
  5 centaur skeletons
  A yaktaur (D:15)
  2 rime drakes (Lair:6)
  9 komodo dragons
  An ice devil (Gauntlet)
  3 freezing wraiths
  A tengu conjurer (D:15)
  2 kobold demonologists
  A queen bee (Lair:2)
  2 tyrant leeches (Swamp:1)
  A merfolk (D:11)
  18 polar bears
  18 blink frogs
  14 trolls
  A polar bear (shapeshifter) (D:13)
  A hornet (shapeshifter) (D:13)
  12 hornets
  8 dream sheep
  4 slime creatures (D:14)
  A centaur simulacrum (D:15)
  8 wraiths
  5 wyverns
  14 spriggans
  A water elemental (D:15)
  A human (D:13)
  61 yaks
  2 basilisks (Lair:4)
  A golden eye (shapeshifter) (D:13)
  A steam dragon (D:11)
  Grum (D:9)
  8 vampire mosquitoes
  Menkaure (D:4)
  4 wargs
  3 nagas (Lair:4)
  10 water moccasins
  12 orc warriors
  5 black bears
  3 sky beasts
  6 ice beasts
  7 phantoms
  23 ogres
  9 boggarts
  A necrophage (D:7)
  23 centaurs
  55 wolves
  3 big kobolds
  22 bullfrogs
  A wyvern zombie (D:13)
  A wyvern skeleton (D:14)
  A water moccasin zombie (D:5)
  A troll zombie (D:10)
  9 scorpions
  8 wights
  27 killer bees
  A howler monkey (D:12)
  5 electric eels
  A hound (D:8)
  14 orc priests
  2 gnoll shamans
  6 iguanas
  17 jellies
  A bullfrog skeleton (D:6)
  10 worker ants
  17 orc wizards
  A killer bee zombie (D:8)
  5 ogre zombies (D:10)
  2 hound zombies
  3 hound skeletons
  2 worker ant zombies
  23 gnolls
  21 adders
  3 shadow imps
  6 white imps
  An ufetubus (D:6)
  2 oozes
  An adder skeleton (D:5)
  2 adder zombies
  3 worms
  3 dart slugs
  6 leopard geckos
  58 orcs
  2 ball pythons (D:1)
  8 giant cockroaches
  10 goblins
  15 hobgoblins
  4 jackals (D:2)
  7 quokkas
  8 bats
  2 frilled lizards
  A goblin skeleton (D:10)
  A goblin zombie (D:10)
  4 hobgoblin skeletons (D:10)
  2 hobgoblin zombies (D:10)
  A jackal zombie (D:5)
  38 kobolds
  4 orc skeletons (D:10)
  7 orc zombies (D:10)
  A quokka zombie (D:6)
  8 rats
  A bush (Lair:2)
931 creatures vanquished.

Vanquished Creatures (collateral kills)
  A troll (D:9)
  An orc priest (D:9)
  An orc wizard (D:9)
  A leopard gecko (D:9)
  An orc (D:9)
5 creatures vanquished.

Vanquished Creatures (others)
  A tyrant leech (Swamp:1)
  3 bloated husks (Swamp:2)
  A shadow (D:14)
  A yak (IceCv)
  A swamp drake (Swamp:2)
  A bush (Lair:6)
  46 fungi
  A lurking horror (D:3)
  76 plants
131 creatures vanquished.

Grand Total: 1067 creatures vanquished

Notes
Turn   | Place    | Note
-------+----------+-------------------------------------------
     0 | D:1      | wakim the Minotaur Berserker began the quest for the Orb.
     0 | D:1      | Reached XP level 1. HP: 19/19 MP: 0/0
   153 | D:1      | Reached XP level 2. HP: 27/27 MP: 1/1
   172 | D:1      | Reached skill level 4 in Axes
   371 | D:1      | Found a broken altar of Ashenzari.
   697 | D:2      | Reached ** piety under Trog
   698 | D:2      | Reached XP level 3. HP: 33/33 MP: 2/2
   929 | D:2      | Reached XP level 4. HP: 25/40 MP: 3/3
  1744 | D:3      | Reached skill level 5 in Axes
  1746 | D:3      | Found a corrupted altar of Lugonu.
  1746 | D:3      | Found a one-way gate to the infinite horrors of the Abyss.
  2155 | D:4      | Reached XP level 5. HP: 33/47 MP: 4/4
  2344 | D:4      | Found a glowing silver altar of Zin.
  2344 | D:4      | Found a white marble altar of Elyvilon.
  2344 | D:4      | Found a glowing golden altar of the Shining One.
  2385 | D:4      | Noticed an ogre
  2401 | D:4      | Killed an ogre
  2402 | D:4      | Reached skill level 5 in Armour
  2413 | D:4      | Found Iril's Weapon Emporium.
  2498 | D:4      | Reached skill level 5 in Fighting
  2498 | D:4      | Reached skill level 6 in Axes
  2498 | D:4      | Reached XP level 6. HP: 47/56 MP: 5/5
  2668 | D:4      | Found a blossoming altar of Fedhas.
  2676 | D:4      | Found a stormy altar of Qazlal.
  2678 | D:4      | Found an ornate altar of the Wu Jian Council.
  2763 | D:4      | Reached *** piety under Trog
  2873 | D:4      | Reached XP level 7. HP: 61/61 MP: 6/6
  3004 | D:5      | Entered Level 5 of the Dungeon
  3106 | D:4      | Found an opulent altar of Gozag.
  3106 | D:4      | Found a hazy altar of Hepliaklqana.
  3143 | D:5      | Found a hazy altar of Hepliaklqana.
  3176 | D:5      | Reached skill level 7 in Axes
  3491 | D:5      | Reached skill level 8 in Axes
  3491 | D:5      | Reached XP level 8. HP: 70/70 MP: 5/7
  3745 | D:5      | Found a shimmering blue altar of Sif Muna.
  3836 | D:4      | Noticed Menkaure
  4005 | D:4      | Killed Menkaure
  4537 | D:6      | Reached **** piety under Trog
  4545 | D:6      | Reached skill level 9 in Axes
  4911 | D:6      | Reached XP level 9. HP: 79/79 MP: 8/8
  4950 | D:6      | Reached skill level 10 in Axes
  5368 | D:7      | Reached skill level 5 in Dodging
  5434 | D:7      | Got a pitted spear
  5435 | D:7      | Identified the +4 spear "Gifupih" {venom, rF+ rC+} (You
                  | found it on level 7 of the Dungeon)
  5460 | D:7      | Found a staircase to the Ecumenical Temple.
  5503 | Temple   | Entered the Ecumenical Temple
  5566 | D:7      | Reached skill level 11 in Axes
  5626 | D:7      | Reached ***** piety under Trog
  6033 | D:8      | Reached XP level 10. HP: 68/90 MP: 6/9
  6096 | D:8      | Found Gysoetri's Weapon Shoppe.
  6138 | D:8      | Reached skill level 12 in Axes
  6366 | D:8      | Found a burning altar of Makhleb.
  6518 | D:8      | Noticed Gastronok
  6540 | D:8      | Killed Gastronok
  6652 | D:8      | Noticed an Executioner
  6754 | D:9      | Found a flagged portal.
  6785 | Bailey   | Entered a bailey
  6995 | Bailey   | Reached skill level 1 in Shields
  7618 | D:9      | Noticed Joseph
  7630 | D:9      | Noticed Grum
  7650 | D:9      | Reached skill level 13 in Axes
  7650 | D:9      | Reached skill level 1 in Throwing
  7979 | D:9      | Killed Grum
  7981 | D:9      | Reached skill level 10 in Fighting
  8027 | D:9      | Found a basalt altar of Yredelemnul.
  8109 | D:10     | Entered Level 10 of the Dungeon
  8543 | D:10     | Received a gift from Trog
  8606 | D:10     | Found a staircase to the Orcish Mines.
  8724 | D:10     | Reached XP level 11. HP: 99/99 MP: 10/10
  8794 | D:10     | Found a staircase to the Lair.
  9263 | D:11     | Reached skill level 14 in Axes
  9306 | D:11     | Found Bonejisi's Antique Weapon Shop.
  9309 | D:11     | Bought a bloodstained broad axe for 189 gold pieces
  9309 | D:11     | Identified the +10 broad axe "Coelim" {flame, *Noise +Blink
                  | Dex+7} (You bought it in a shop on level 11 of the Dungeon)
  9669 | D:11     | Noticed Josephine
  9679 | D:11     | Killed Josephine
  9986 | Lair:1   | Entered Level 1 of the Lair of Beasts
 10311 | Lair:1   | Noticed a six-headed hydra
 10761 | Lair:1   | Killed a four-headed hydra
 10762 | Lair:1   | Reached skill level 15 in Axes
 10762 | Lair:1   | Reached skill level 5 in Throwing
 11026 | Lair:2   | Noticed a death yak
 11028 | Lair:2   | Noticed a death yak
 11037 | Lair:2   | Killed a death yak
 11038 | Lair:2   | Killed a death yak
 11049 | Lair:2   | Noticed a death yak
 11080 | Lair:1   | Received a gift from Trog
 11081 | Lair:1   | Reached XP level 12. HP: 32/107 MP: 6/11
 11394 | Lair:1   | Identified a scroll of acquirement
 11394 | Lair:1   | Acquired a +2 pair of boots of stealth
 11593 | Lair:2   | Noticed a death yak
 11690 | Lair:1   | Killed a death yak
 11692 | Lair:1   | Killed a death yak
 11837 | Lair:2   | Reached skill level 16 in Axes
 12585 | Lair:2   | Reached skill level 10 in Armour
 12735 | Lair:3   | Got a translucent brass ring
 12752 | Lair:3   | Found a basalt altar of Yredelemnul.
 12758 | Lair:3   | Received a gift from Trog
 12765 | Lair:3   | Reached skill level 17 in Axes
 12792 | Lair:2   | Identified the ring "Xiezec" {AC+4 Int+2} (You found it on
                  | level 3 of the Lair of Beasts)
 12884 | Lair:3   | Found a staircase to the Swamp.
 13297 | Lair:3   | You fall into a shaft and drop 3 floors!
 13297 | Lair:6   | Entered Level 6 of the Lair of Beasts
 13312 | Lair:6   | Reached XP level 13. HP: 117/118 MP: 12/12
 13493 | Lair:5   | Found a gate leading to a gauntlet.
 13502 | Gauntlet | Entered a Gauntlet
 13502 | Gauntlet | Found a transporter.
 13502 | Gauntlet | Found a transporter.
 13502 | Gauntlet | Found a transporter.
 13515 | Gauntlet | Found a transporter.
 13515 | Gauntlet | Found a transporter.
 13524 | Gauntlet | Found a transporter.
 13526 | Gauntlet | Found a transporter.
 13534 | Gauntlet | Found a transporter.
 13552 | Gauntlet | Found a transporter.
 13555 | Gauntlet | Noticed a dire elephant
 13558 | Gauntlet | Found a transporter.
 13584 | Gauntlet | Found a transporter.
 13594 | Gauntlet | Found a transporter.
 13690 | Gauntlet | Reached skill level 18 in Axes
 13722 | Gauntlet | Got a faintly glowing glass ring
 13724 | Gauntlet | Identified the ring of Tulips {Will- Str+5 Dex+3 SInv} (You
                  | found it in a Gauntlet)
 13758 | Gauntlet | Noticed a minotaur
 13763 | Gauntlet | Killed a minotaur
 13802 | Gauntlet | Found the +7 great mace "Firestarter" {inner flame, rF++}
 13804 | Gauntlet | Identified the Catalogue of the Eleven Friars
 13907 | Lair:4   | Found a staircase to the Snake Pit.
 14190 | Lair:4   | Reached ****** piety under Trog
 14979 | Lair:5   | Found a staircase to the Slime Pits.
 14986 | Lair:5   | Reached skill level 19 in Axes
 15567 | Lair:6   | Paralysed by a hornet for 1 turns
 16021 | Lair:6   | Reached XP level 14. HP: 125/130 MP: 13/13
 16122 | Lair:6   | Received a gift from Trog
 16128 | Lair:6   | Noticed Snorg
 16381 | Lair:5   | Killed Snorg
 16673 | Lair:6   | Reached skill level 20 in Axes
 16829 | Lair:6   | Reached skill level 15 in Fighting
 17808 | D:9      | Killed Joseph
 17902 | D:12     | Received a gift from Trog
 17903 | D:12     | Found the +8 frozen axe "Frostbite" {freezing cloud, *Noise
                  | +Fly rC+}
 18691 | D:13     | Noticed Frances
 18798 | D:13     | Noticed Nessos
 18813 | D:13     | Killed Nessos
 18814 | D:13     | Reached skill level 5 in Shields
 19232 | D:13     | Killed Frances
 19326 | D:13     | Noticed Sonja
 19341 | D:13     | Killed Sonja
 19343 | D:13     | Reached XP level 15. HP: 145/145 MP: 10/14
 19518 | D:13     | Paralysed by an ogre mage for 4 turns
 19549 | D:13     | Found a gate to the Vaults.
 19782 | D:13     | Received a gift from Trog
 19882 | D:12     | Acquired the ring "Rigrio Qihuy" {Fire rElec Will+++ Str-5
                  | Dex-5}
 20154 | Orc:1    | Entered Level 1 of the Orcish Mines
 20160 | Orc:1    | Found a frozen archway.
 20196 | IceCv    | Entered an ice cave
 20765 | IceCv    | Noticed a frost giant
 20778 | IceCv    | Killed a frost giant
 21092 | Orc:1    | Reached skill level 10 in Dodging
 21161 | Orc:1    | You fall into a shaft and drop 1 floor!
 21161 | Orc:2    | Entered Level 2 of the Orcish Mines
 21161 | Orc:2    | Found Gody's Magic Scroll Boutique.
 21161 | Orc:2    | Found Doitimuemo's Antique Weapon Shoppe.
 21200 | Orc:2    | Received a gift from Trog
 21201 | Orc:2    | Got a masterwork broad axe {god gift}
 21672 | Orc:2    | Found a bloodstained altar of Trog.
 21683 | Orc:2    | Reached skill level 10 in Shields
 21760 | Orc:2    | Identified the +7 broad axe of Thoughtfulness {vorpal,
                  | *Slow rC+ rN+ SInv} (Trog gifted it to you on level 2 of
                  | the Orcish Mines)
 21762 | Orc:2    | Found Kunu's Antique Armour Emporium.
 21765 | Orc:2    | Found Neops's Weapon Emporium.
 21793 | Orc:2    | Found a staircase to the Elven Halls.
 21814 | Orc:2    | Bought a pair of runed gloves for 225 gold pieces
 22116 | Orc:1    | Found a roughly hewn altar of Beogh.
 22508 | Elf:1    | Entered Level 1 of the Elven Halls
 22613 | D:14     | Received a gift from Trog
 22666 | D:14     | Reached XP level 16. HP: 155/155 MP: 13/15
 23169 | D:15     | Entered Level 15 of the Dungeon
 23422 | D:15     | Received a gift from Trog
 23590 | D:15     | Found a staircase to the Depths.
 24021 | Orc:2    | Bought a scroll of acquirement for 780 gold pieces
 24021 | Orc:2    | Bought a scroll of acquirement for 780 gold pieces
 24021 | Orc:2    | Acquired the +9 battleaxe of Wyrd {venom, rC++ Str+2 Int+4}
 24022 | Orc:2    | Acquired the +0 pair of gloves of the Alphagorgon {rElec
                  | rPois Will+}
 24180 | Swamp:1  | Entered Level 1 of the Swamp
 24332 | Swamp:1  | Found a runed translucent door.
 24333 | Swamp:1  | Noticed Ykec Esm's ghost (journeyman DrWn)
 24388 | Swamp:1  | You fall into a shaft and drop 1 floor!
 24540 | Swamp:2  | HP: 5/155 [bunyip[a spriggan druid] (27)]
 24540 | Swamp:2  | Annihilated by a bunyip

Illustrated notes

Levels and vault maps discovered:
D:1:      amcnicky_arrival_wind_blow, layout_basic, ashenzari_altar_1
D:2:      layout_loops_ring
D:3:      layout_loops_ring, amcnicky_altar_lugonu_corruption
D:4:      layout_loops_ring, good_gods_mini_temple,
          nicolae_overflow_hidden_temple, kennysheep_little_box, serial_shops,
          shop, serial_glass, glass_columns_a, glass_columns_c, glass_columns_b,
          glass_columns_a, glass_columns_a, glass_columns_a, glass_columns_a,
          glass_columns_a, feat_on_display, due_unseen_surprise, uniq_menkaure
D:5:      minmay_spotlight, layout_rooms, hangedman_feature_mirror
D:6:      old_forge, layout_basic
D:7:      layout_rooms, minmay_temple_entry_drinking_statues
D:8:      layout_cave_pools, serial_shops, shop, hex_tiny,
          makhleb_altar_promises_db, uniq_gastronok
D:9:      layout_loops_corners, general_overflow_altar, enter_bailey_5,
          uniq_grum, uniq_joseph
D:10:     layout_roguey, lair_entry_dummy, zombieorc1_lemuel,
          lemuel_old_faithful
D:11:     layout_stronghold, serial_shops, nicolae_shop_behind_doors,
          hangedman_fish_farm, uniq_josephine
D:12:     layout_cave_pools
D:13:     layout_cross, grunt_vaults_entry_fortified, minivault_10,
          grunt_ministairs_10, hangedman_abyss_or_decor_lesser_grid,
          uniq_nessos, uniq_sonja, uniq_frances
D:14:     layout_cave_pools, nrook_pool_corridor, st_stairs_6
D:15:     hangedman_depths_entry_try_elsewhere_first, layout_rooms,
          serial_bayou_lagoon_b
Temple:   minmay_temple_bridge_abc
Lair:1:   layout_chaotic_city, grunt_forest_large_clearing_hut,
          lemuel_fruit_fields, lemuel_fruit_tree
Lair:2:   layout_long_grid, special_room [special_room_bee],
          grunt_forest_large_clearings
Lair:3:   layout_small_grid, swamp_mist, basic_altar
Lair:4:   layout_roguey, minmay_snake_entry_guardpost_small, grunt_megastairs_2
Lair:5:   layout_cave_pods, minmay_slime_entry_jelly_boxes,
          gauntlet_entry_generic, grunt_megastairs_4
Lair:6:   minmay_lair_end_enchanted_forest, layout_misc_corridors, st_stairs_7,
          serial_bayou_shore_b, uniq_snorg
Swamp:1:  layout_basic_swamp, ebering_ghost_inner_flame, serial_swamp_ruin,
          evilmike_swamp_ruin_house_3, evilmike_swamp_ruin_house_4,
          evilmike_swamp_ruin_house_2
Swamp:2:  layout_falls_marsh, nicolae_swamp_triple_paths, swamp_pool1,
          uniq_jorgrun
Orc:1:    layout_caves, portal_ice_cave_entry_pillars_1, basic_altar,
          elves_outpost_lemuel
Orc:2:    st_orc_open, layout_caves, basic_altar
Elf:1:    eino_elf_arrival_the_gate, layout_rooms, serial_shops,
          nicolae_shop_overgrown_old_shop, ebering_ghost_disaster_area,
          evilmike_minifort, minivault_28

Skill      XL: |  1  2  3  4  5  6  7  8  9 10 11 12 13 14 15 16 |
---------------+-------------------------------------------------+-----
Axes           | 4 5 6 8 9 11 13 15 17 19 20 | 20.0
Armour         | 3 4 5 6 7 8 10 12 13 | 13.5
Fighting       | 4 5 6 7 8 10 12 13 16 17 | 17.1
Dodging        | 4 6 7 8 10 11 | 11.9
Shields        | 4 5 10 12 | 12.9
Throwing       | 2 5 6 |  6.0

Action                   |  1- 3 |  4- 6 |  7- 9 | 10-12 | 13-15 | 16-18 || total
-------------------------+-------+-------+-------+-------+-------+-------++-------
Melee: Hand axe          |    77 |   109 |   273 |       |       |       ||   459
       Headbutt          |    11 |    20 |    66 |   117 |   227 |    76 ||   517
       Spear             |       |       |    57 |       |       |       ||    57
       Battleaxe         |       |       |    24 |    38 |       |       ||    62
       War axe           |       |       |       |   320 |       |       ||   320
       Broad axe         |       |       |       |   233 |   736 |   214 ||  1183
Throw: Boomerang         |       |       |       |     7 |     4 |       ||    11
Invok: Berserk           |       |     3 |     7 |     7 |     9 |     1 ||    27
       Trog's Hand       |       |       |     1 |     4 |     7 |     1 ||    13
       Brothers in Arms  |       |       |       |     3 |       |       ||     3
  Use: Scroll            |       |       |    15 |    15 |     6 |     2 ||    38
       Potion            |       |       |       |     2 |     1 |       ||     3
Armor: Animal skin       |     5 |       |       |       |       |       ||     5
       Ring mail         |    33 |     5 |       |       |       |       ||    38
       Chain mail        |       |    39 |    25 |   294 |   312 |    63 ||   733
       Plate armour      |       |       |   175 |       |       |       ||   175
Dodge: Dodged            |    44 |    36 |   144 |   336 |   419 |   100 ||  1079
Block: Buckler           |       |       |       |   209 |   205 |       ||   414
       Kite shield       |       |       |       |       |   104 |   146 ||   250
